 Dungeon Crawl Stone Soup version 0.21.1-1-g345015f (webtiles) character file.

11459 Fang the Cleaver (level 11, 0/72 HPs)
             Began as a Gargoyle Berserker on May 5, 2018.
             Was a High Priest of Trog.
             Slain by a queen bee (4 damage)
             ... on level 10 of the Dungeon on May 6, 2018.
             The game lasted 00:16:12 (10850 turns).

Fang the Cleaver (Gargoyle Berserker)              Turns: 10850, Time: 00:16:13

Health: 0/72       AC: 13    Str: 24    XL:     11   Next: 78%
Magic:  11/11      EV: 15    Int:  8    God:    Trog [*****.]
Gold:   564        SH:  0    Dex:  9    Spells: 10/10 levels left

rFire    . . .     SeeInvis +   h - +8 hand axe
rCold    . . .     Gourm    .   (no shield)
rNeg     + + .     Faith    .   b - +1 animal skin
rPois    ∞         Spirit   .   j - +1 helmet {SInv}
rElec    +         Reflect  .   (no cloak)
rCorr    .         Harm     .   (no gloves)
MR       .....                  (no boots)
Stlth    +++.......             (no amulet)
HPRegen  0.22/turn              m - ring of flight
MPRegen  0.12/turn              D - ring of positive energy

@: berserk cooldown, slowed, very slow
A: negative energy resistance 1, electricity resistance, unbreathing,
petrification resistance, rot immunity, MP-powered wands, AC +8
a: Berserk, Trog's Hand, Brothers in Arms, Burn Spellbooks, Renounce Religion,
Evoke Flight


You were on level 10 of the Dungeon.
You worshipped Trog.
Trog was extremely pleased with you.
You were not hungry.

You visited 1 branch of the dungeon, and saw 10 of its levels.
You also visited: Ossuary.

You collected 564 gold pieces.

Inventory:

Hand Weapons
 h - a +8 hand axe (weapon)
 s - the +10 hand crossbow "Apuesa" {venom, *Contam +Fly Int+4 Stlth+}
   (You acquired it on level 6 of the Dungeon)

   It poisons the ammo it fires.
   It affects your intelligence (+4).
   It lets you fly.
   It causes magical contamination when unequipped.
   It makes you more stealthy.
 v - a +3 war axe of freezing
Missiles
 t - 4 javelins (quivered)
Armour
 b - a +1 animal skin (worn)
 j - a +1 helmet of see invisible (worn)
Jewellery
 m - a ring of flight (left hand)
 D - a ring of positive energy (right hand)
Wands
 d - a wand of iceblast (29)
 f - a wand of acid (2)
 r - a wand of disintegration (8)
 x - a wand of digging (15)
 A - a wand of paralysis (13)
Scrolls
 p - 3 scrolls of remove curse
 u - 4 scrolls of identify
 w - 3 scrolls of teleportation
 y - a scroll of fear
 z - a scroll of fog
 B - a scroll of blinking
 E - a scroll of enchant weapon
Potions
 a - a potion of invisibility
 e - 3 potions of agility
 g - a potion of resistance
 i - a potion of might
 k - 7 potions of curing
 l - a potion of ambrosia
 n - 5 potions of lignification
 o - 2 potions of haste
 q - 3 potions of heal wounds
 C - 2 potions of cancellation
Comestibles
 c - 24 rations


   Skills:
 + Level 9.7 Fighting
 + Level 12.2 Axes
 + Level 2.7 Armour
 + Level 7.2 Dodging
 + Level 5.7 Stealth


You had 10 spell levels left.
You didn't know any spells.

Dungeon Overview and Level Annotations

Branches:
Dungeon (10/15)            Temple (0/1) D:4            Lair (0/6) D:8
    Orc: D:9-12

Altars:
Cheibriados
Fedhas
Kikubaaqudgha
Makhleb
Nemelex Xobeh
Okawaru
Ru
Uskayaw
Vehumet
Wu Jian
Xom
Yredelemnul
The Shining One

Shops:
D:4 (


Innate Abilities, Weirdness & Mutations

You are resistant to torment.
Your stone body is resilient. (AC +8)
You are immune to poison.
You resist negative energy. (rN+)
You are resistant to electric shocks. (rElec)
You can survive without breathing.
You are immune to petrification.
You are immune to rotting.
You expend magic power (3 MP) to strengthen your wands.


Message History

The queen bee is heavily wounded.
The queen bee stings you but does no damage.
You hit the queen bee but do no damage.
The queen bee is heavily wounded.
The queen bee barely misses you.
You barely miss the queen bee.
The queen bee is heavily wounded.
The queen bee stings you!
You hit the queen bee but do no damage.
The queen bee is heavily wounded.
The queen bee stings you!
* * * LOW HITPOINT WARNING * * *
You hit the queen bee.
The queen bee is severely wounded.
The queen bee stings you.
* * * LOW HITPOINT WARNING * * *
You closely miss the queen bee.
The queen bee is severely wounded.
The queen bee stings you.
You die...

#....................
#.........(..........
#..#######..#########
#..# #..#########
#############...........
#..% #........<........
#%..% #.................
#.....#.############..##
#.%%%.y@# #..#
#..%%%##############..##
#.....#.................
##### #.................
#. ###########....... #.
#...#### #. #...# #.
#...####
#.############.......


You could see a queen bee.

Vanquished Creatures
  4 two-headed ogres
  The ghost of Casita the Chopper, a novice GrFi of Qazlal (D:7)
  A centaur zombie (D:10)
  2 hornets (D:9)
  5 hippogriffs
  A shadow (D:10)
  A wyvern (D:9)
  3 soldier ants
  2 water moccasins
  2 orc warriors
  3 porcupines (D:8)
  4 sky beasts
  2 black bears (D:9)
  An eye of draining (D:8)
  A necrophage (D:10)
  A phantom (D:7)
  2 ice beasts
  4 ogres
  3 centaurs
  A big kobold (D:10)
  2 bullfrogs (D:9)
  5 scorpions
  38 killer bees
  7 wights
  A howler monkey (D:10)
  6 electric eels (D:9)
  8 crimson imps
  3 jellies
  2 bullfrog zombies
  A hound (D:10)
  A human zombie (Ossuary)
  Crazy Yiuf (D:4)
  2 orc priests
  3 orc wizards
  3 centaur skeletons
  Ijyb (D:4)
  6 worker ants
  Natasha (twice) (D:4)
  A big kobold zombie (Ossuary)
  4 mummies
  Robin (D:2)
  8 adders
  9 gnolls
  A howler monkey skeleton (D:5)
  11 oozes
  2 adder skeletons
  A worm (D:2)
  2 dart slugs (D:2)
  4 leopard geckos
  22 orcs
  7 bats
  2 giant cockroaches
  A gnoll zombie (Ossuary)
  9 hobgoblins
  16 jackals
  13 kobolds
  3 quokkas
  5 frilled lizards
  10 goblins
  2 goblin zombies (Ossuary)
  2 hobgoblin zombies (Ossuary)
  A kobold zombie (Ossuary)
  7 rats
  5 fungi (D:8)
285 creatures vanquished.

Vanquished Creatures (others)
  A frilled lizard (D:2)
  A fungus (D:2)
  4 plants (D:9)
  9 toadstools (D:2)
15 creatures vanquished.

Grand Total: 300 creatures vanquished

Notes
Turn   | Place    | Note
-------+----------+-------------------------------------------
     0 | D:1      | Fang the Gargoyle Berserker began the quest for the Orb.
     0 | D:1      | Reached XP level 1. HP: 14/14 MP: 1/1
    34 | D:1      | Reached skill level 3 in Axes
    34 | D:1      | Reached XP level 2. HP: 14/19 MP: 2/2
   286 | D:1      | Reached XP level 3. HP: 24/24 MP: 3/3
   592 | D:1      | Found a sacrificial altar of Ru.
   595 | D:1      | Found a sparkling altar of Nemelex Xobeh.
   595 | D:1      | Found a shimmering altar of Xom.
   597 | D:1      | Found a hide-covered altar of Uskayaw.
   597 | D:1      | Found a shimmering altar of Xom.
   597 | D:1      | Found a sparkling altar of Nemelex Xobeh.
   790 | D:1      | Reached ** piety under Trog
   997 | D:2      | Found a radiant altar of Vehumet.
  1011 | D:2      | Reached XP level 4. HP: 28/29 MP: 4/4
  1104 | D:2      | Noticed Robin
  1123 | D:2      | Killed Robin
  1260 | D:2      | Found a glowing golden altar of the Shining One.
  1284 | D:2      | Found a basalt altar of Yredelemnul.
  1286 | D:2      | Noticed a profane servitor
  1380 | D:2      | Reached skill level 4 in Axes
  1380 | D:2      | Reached XP level 5. HP: 31/33 MP: 5/5
  1478 | D:2      | Reached *** piety under Trog
  1999 | D:3      | Found a burning altar of Makhleb.
  2093 | D:3      | Reached XP level 6. HP: 39/39 MP: 6/6
  2314 | D:3      | Found an ancient bone altar of Kikubaaqudgha.
  2315 | D:3      | Found a blossoming altar of Fedhas.
  2637 | D:4      | Noticed Ijyb
  2651 | D:4      | Killed Ijyb
  2733 | D:4      | Found Niegucao's Weapon Shoppe.
  2747 | D:4      | Found an ornate altar of the Wu Jian Council.
  2747 | D:4      | Found a snail-covered altar of Cheibriados.
  2930 | D:4      | Found a staircase to the Ecumenical Temple.
  2937 | D:4      | Reached skill level 5 in Axes
  2967 | D:4      | Reached skill level 5 in Fighting
  3088 | D:4      | Noticed Natasha
  3093 | D:4      | Killed Natasha
  3197 | D:4      | Reached skill level 1 in Stealth
  3197 | D:4      | Reached XP level 7. HP: 43/44 MP: 7/7
  3334 | D:4      | Noticed Natasha
  3344 | D:4      | Killed Natasha
  3423 | D:4      | Found a runed door.
  3650 | D:4      | Noticed Crazy Yiuf
  3657 | D:4      | Killed Crazy Yiuf
  3739 | D:5      | Entered Level 5 of the Dungeon
  3903 | D:5      | Reached skill level 6 in Axes
  3936 | D:5      | Reached **** piety under Trog
  4001 | D:5      | Reached XP level 8. HP: 31/50 MP: 8/8
  5122 | D:6      | Reached skill level 7 in Axes
  5399 | D:6      | Found a sacrificial altar of Ru.
  5425 | D:6      | Identified a scroll of acquirement
  5450 | D:6      | Got a warped hand crossbow
  5451 | D:6      | Identified the +10 hand crossbow "Apuesa" {venom, *Contam +Fly Int+4 Stlth+} (You acquired it on level 6 of the Dungeon)
  5479 | D:7      | Gained mutation: You expend magic power (3 MP) to strengthen your wands. [mutagenic glow]
  5544 | D:7      | Noticed a hippogriff
  5553 | D:7      | Killed a hippogriff
  5553 | D:7      | Reached XP level 9. HP: 56/56 MP: 9/9
  5788 | D:7      | Reached skill level 8 in Axes
  6240 | D:7      | Noticed Casita's ghost (novice GrFi)
  6268 | D:7      | Killed Casita's ghost
  6268 | D:7      | Reached skill level 9 in Axes
  6268 | D:7      | Reached skill level 5 in Dodging
  6448 | D:8      | Found a sand-covered staircase.
  6585 | Ossuary  | Entered an ossuary
  6636 | Ossuary  | Reached ***** piety under Trog
  6680 | Ossuary  | Received a gift from Trog
  7003 | D:8      | Reached XP level 10. HP: 58/64 MP: 10/10
  7264 | D:8      | Found an iron altar of Okawaru.
  7291 | D:8      | Reached skill level 10 in Axes
  7382 | D:8      | Found a staircase to the Lair.
  7574 | D:8      | Found a blossoming altar of Fedhas.
  7864 | D:9      | Noticed a two-headed ogre
  7874 | D:9      | Killed a two-headed ogre
  8201 | D:9      | Noticed a two-headed ogre
  8219 | D:9      | Killed a two-headed ogre
  8588 | D:9      | Reached skill level 11 in Axes
  8597 | D:9      | Reached skill level 5 in Stealth
  8597 | D:9      | Reached XP level 11. HP: 36/69 MP: 11/11
  9828 | D:9      | Found a sparkling altar of Nemelex Xobeh.
  9904 | D:10     | Entered Level 10 of the Dungeon
  9929 | D:10     | Noticed a two-headed ogre
  9935 | D:10     | Killed a two-headed ogre
 10297 | D:10     | Noticed a two-headed ogre
 10304 | D:10     | Received a gift from Trog
 10311 | D:10     | Killed a two-headed ogre
 10412 | D:10     | Reached skill level 12 in Axes
 10850 | D:10     | Slain by a queen bee

Skill      XL: |  1  2  3  4  5  6  7  8  9 10 11 |
---------------+----------------------------------+-----
Axes           | 3 4 5 6 7 9 11 12 | 12.2
Fighting       | 4 5 6 7 8 9 |  9.7
Dodging        | 2 3 4 5 6 7 |  7.2
Stealth        | 1 2 3 5 |  5.7
Armour         | |  2.7

Action                   |  1- 3 |  4- 6 |  7- 9 | 10-12 || total
-------------------------+-------+-------+-------+-------++-------
Melee: Hand axe          |    74 |   194 |   340 |   381 ||   989
Invok: Berserk           |     2 |     4 |     6 |     8 ||    20
       Burn Spellbooks   |       |       |       |     1 ||     1
  Use: Scroll            |       |    12 |    10 |     5 ||    27
 Stab: Sleeping          |       |       |     4 |     2 ||     6
       Distracted        |       |       |       |     1 ||     1
  Eat: Ration            |     1 |     1 |     2 |     1 ||     5
       Chunk             |       |     6 |    10 |    24 ||    40
Armor: Animal skin       |    17 |    72 |   118 |   112 ||   319
Dodge: Dodged            |    55 |   150 |   219 |   238 ||   662
